2432 views
Uploaded 2021-09-16 10:45:48
Game version 1.32.10
31:47 long 3on3 ladder game on (6)ThunderLake_LV
Saved by xzz
2432 views
Uploaded 2021-09-16 10:45:48
Game version 1.32.10
31:47 long 3on3 ladder game on (6)ThunderLake_LV


186 units @ 21.3k
/ 2.5k
60 buildings @ 10.7k
/ 4.9k

| Orb of Venom | 1 | 325 |
| Scroll of Town Portal | 4 | 1400 |
| total: | 5 | 1725g |
| Wisp | 22 | 1320 | / | 0 |
| Archer | 19 | 2470 | / | 190 |
| Huntress | 4 | 780 | / | 80 |
| Hippogryph | 10 | 1600 | / | 200 |
| total: | 55 | 6170g | / | 470w |
| Ancient Protector | 2 | 270 | / | 160 |
| Altar of Elders | 1 | 180 | / | 50 |
| Moon Well | 5 | 900 | / | 200 |
| Ancient of War | 1 | 150 | / | 60 |
| Hunter's Hall | 1 | 210 | / | 100 |
| Ancient of Wonders | 1 | 90 | / | 30 |
| Tree of Life | 1 | 340 | / | 185 |
| Ancient of Wind | 2 | 300 | / | 280 |
| Tree of Ages | 1 | 320 | / | 180 |
| Tree of Eternity | 2 | 660 | / | 400 |
| total: | 14 | 2440g | / | 1065w |
| 0:03 | Wisp |
| 0:03 | Wisp |
| 0:08 | Altar of Elders |
| 0:15 | Moon Well |
| 0:24 | Wisp |
| 1:06 | Ancient of War |
| 1:13 | Wisp |
| 1:13 | Wisp |
| 1:29 | Wisp |
| 1:51 | Moon Well |
| 2:05 | Wisp |
| 2:06 | Wisp |
| 2:09 | Archer |
| 2:39 | Hunter's Hall |
| 2:52 | Archer |
| 2:54 | Archer |
| 3:19 | Archer |
| 3:35 | Tree of Ages |
| 3:42 | Archer |
| 3:44 | Huntress |
| 3:59 | Moon Well |
| 4:09 | Strength of the Moon |
| 4:29 | Huntress |
| 5:05 | Huntress |
| 5:20 | Moon Well |
| 5:33 | Huntress |
| 5:53 | Immolation |
| 6:32 | Evasion |
| 7:05 | Moon Armor |
| 7:21 | Wisp |
| 7:22 | Wisp |
| 7:22 | Wisp |
| 8:05 | Ancient of Wonders |
| 8:23 | Ancient Protector |
| 8:27 | Wisp |
| 8:27 | Wisp |
| 8:35 | Moon Glaive |
| 9:30 | Ancient Protector |
| 9:49 | Evasion |
| 11:00 | Tree of Life |
| 11:06 | Improved Bows |
| 11:07 | Archer |
| 11:16 | Ancient of Wind |
| 11:56 | Scroll of Town Portal |
| 12:20 | Wisp |
| 12:22 | Wisp |
| 12:58 | Tree of Eternity |
| 13:46 | Tree of Eternity |
| 14:23 | Wisp |
| 14:30 | Moon Well |
| 14:38 | Scroll of Town Portal |
| 14:46 | Archer |
| 15:07 | Scroll of Town Portal |
| 16:01 | Archer |
| 16:01 | Archer |
| 16:01 | Archer |
| 16:02 | Archer |
| 16:10 | Hippogryph |
| 16:13 | Hippogryph |
| 16:13 | Hippogryph |
| 16:23 | Improved Strength of the Moon |
| 16:44 | Wisp |
| 16:50 | Archer |
| 16:52 | Archer |
| 16:52 | Archer |
| 16:53 | Hippogryph |
| 17:12 | Wisp |
| 17:19 | Hippogryph |
| 17:32 | Ancient of Wind |
| 18:21 | Archer |
| 18:21 | Archer |
| 18:21 | Archer |
| 18:30 | Wisp |
| 18:30 | Wisp |
| 18:30 | Wisp |
| 18:31 | Wisp |
| 18:46 | Hippogryph |
| 18:46 | Hippogryph |
| 18:47 | Hippogryph |
| 18:47 | Hippogryph |
| 18:54 | Immolation |
| 18:56 | Scroll of Town Portal |
| 19:12 | Orb of Venom |
| 19:38 | Archer |
| 19:39 | Marksmanship |
| 19:43 | Archer |
| 19:47 | Hippogryph |
| 20:41 | Advanced Strength of the Moon |
| Right click | 421 |
| Select | 311 |
| Build/train/purchase | 88 |
| Select group | 51 |
| Misc. action | 31 |
| Assign group | 16 |
| Chat | 13 |
| Use ability | 11 |
| Remove unit | 2 |
| Esc | 2 |


| Wisp | 30 | 1800 | / | 0 |
| Archer | 4 | 520 | / | 40 |
| Huntress | 2 | 390 | / | 40 |
| Hippogryph | 3 | 480 | / | 60 |
| Druid of the Claw | 17 | 4335 | / | 1360 |
| total: | 56 | 7525g | / | 1500w |
| Altar of Elders | 1 | 180 | / | 50 |
| Moon Well | 8 | 1440 | / | 320 |
| Ancient of War | 1 | 150 | / | 60 |
| Hunter's Hall | 1 | 210 | / | 100 |
| Tree of Life | 1 | 340 | / | 185 |
| Ancient of Wind | 1 | 150 | / | 140 |
| Ancient of Lore | 2 | 310 | / | 290 |
| Tree of Ages | 1 | 320 | / | 180 |
| Tree of Eternity | 1 | 330 | / | 200 |
| total: | 15 | 2780g | / | 1145w |
| 0:04 | Wisp |
| 0:04 | Wisp |
| 0:09 | Altar of Elders |
| 0:14 | Moon Well |
| 0:22 | Wisp |
| 0:38 | Wisp |
| 0:41 | Wisp |
| 1:06 | Ancient of War |
| 1:10 | Wisp |
| 1:11 | Wisp |
| 1:55 | Moon Well |
| 2:12 | Archer |
| 2:12 | Archer |
| 2:12 | Archer |
| 2:27 | Evasion |
| 2:31 | Wisp |
| 3:00 | Archer |
| 3:02 | Tree of Ages |
| 3:15 | Moon Well |
| 3:38 | Hunter's Hall |
| 4:33 | Immolation |
| 4:54 | Huntress |
| 4:55 | Huntress |
| 5:00 | Strength of the Moon |
| 5:08 | Moon Well |
| 5:26 | Ancient of Wind |
| 5:41 | Wisp |
| 5:42 | Wisp |
| 5:57 | Ancient of Lore |
| 6:35 | Tree of Life |
| 6:47 | Wisp |
| 6:52 | Hippogryph |
| 6:52 | Hippogryph |
| 7:52 | Hippogryph |
| 7:55 | Druid of the Claw |
| 8:02 | Tree of Eternity |
| 8:51 | Druid of the Claw Adept Training |
| 8:57 | Reinforced Hides |
| 8:57 | Strength of the Wild |
| 9:03 | Wisp |
| 9:03 | Wisp |
| 9:04 | Wisp |
| 9:04 | Wisp |
| 9:04 | Wisp |
| 9:22 | Evasion |
| 9:56 | Ultravision |
| 10:26 | Druid of the Claw Master Training |
| 10:26 | Druid of the Claw |
| 10:26 | Druid of the Claw |
| 10:26 | Druid of the Claw |
| 11:02 | Wisp |
| 11:02 | Wisp |
| 11:02 | Wisp |
| 12:09 | Fan of Knives |
| 13:00 | Immolation |
| 13:27 | Mark of the Claw |
| 13:28 | Druid of the Claw |
| 13:28 | Druid of the Claw |
| 13:49 | Druid of the Claw |
| 13:50 | Improved Strength of the Wild |
| 13:51 | Improved Reinforced Hides |
| 13:56 | Ancient of Lore |
| 14:02 | Wisp |
| 14:02 | Wisp |
| 14:02 | Wisp |
| 14:03 | Wisp |
| 14:03 | Wisp |
| 14:14 | Wisp |
| 14:15 | Wisp |
| 14:15 | Wisp |
| 14:15 | Wisp |
| 14:15 | Wisp |
| 14:15 | Wisp |
| 14:26 | Moon Well |
| 14:27 | Moon Well |
| 14:29 | Moon Well |
| 14:32 | Moon Well |
| 15:05 | Druid of the Claw |
| 15:06 | Druid of the Claw |
| 15:06 | Druid of the Claw |
| 15:19 | Immolation |
| 16:56 | Druid of the Claw |
| 16:57 | Druid of the Claw |
| 16:57 | Druid of the Claw |
| 16:57 | Druid of the Claw |
| 16:57 | Druid of the Claw |
| 16:58 | Druid of the Claw |
| 16:58 | Druid of the Claw |
| Right click | 526 |
| Select group | 251 |
| Select | 234 |
| Build/train/purchase | 93 |
| Misc. action | 28 |
| Assign group | 17 |
| Use ability | 13 |
| Resource trade | 12 |
| Remove unit | 5 |
| Minimap ping | 2 |
| Esc | 1 |


| Wisp | 37 | 2220 | / | 0 |
| Archer | 24 | 3120 | / | 240 |
| Hippogryph | 11 | 1760 | / | 220 |
| Dryad | 2 | 290 | / | 120 |
| Centaur Outrunner | 1 | 195 | / | 0 |
| total: | 75 | 7585g | / | 580w |
| Ancient Protector | 11 | 1485 | / | 880 |
| Altar of Elders | 2 | 360 | / | 100 |
| Moon Well | 8 | 1440 | / | 320 |
| Ancient of War | 1 | 150 | / | 60 |
| Hunter's Hall | 2 | 420 | / | 200 |
| Tree of Life | 3 | 1020 | / | 555 |
| Ancient of Wind | 4 | 600 | / | 560 |
| Tree of Ages | 1 | 320 | / | 180 |
| total: | 31 | 5475g | / | 2675w |
| 0:07 | Wisp |
| 0:07 | Wisp |
| 0:07 | Wisp |
| 0:13 | Altar of Elders |
| 0:19 | Moon Well |
| 0:20 | Wisp |
| 0:57 | Ancient of War |
| 0:59 | Wisp |
| 1:18 | Wisp |
| 1:21 | Wisp |
| 1:48 | Moon Well |
| 1:55 | Wisp |
| 1:58 | Archer |
| 2:01 | Archer |
| 2:20 | Moon Well |
| 2:33 | Trueshot Aura |
| 2:44 | Archer |
| 2:46 | Archer |
| 3:06 | Archer |
| 3:15 | Wisp |
| 3:15 | Wisp |
| 3:16 | Wisp |
| 3:30 | Hunter's Hall |
| 3:48 | Tree of Ages |
| 4:03 | Archer |
| 4:21 | Archer |
| 4:30 | Searing Arrows |
| 5:05 | Tree of Life |
| 5:08 | Ancient Protector |
| 5:12 | Ancient Protector |
| 5:41 | Trueshot Aura |
| 6:01 | Moon Armor |
| 6:16 | Improved Bows |
| 6:18 | Wisp |
| 6:18 | Wisp |
| 6:50 | Wisp |
| 6:54 | Ancient of Wind |
| 6:57 | Wisp |
| 6:58 | Wisp |
| 7:06 | Wisp |
| 7:06 | Wisp |
| 7:06 | Wisp |
| 7:08 | Wisp |
| 7:13 | Wisp |
| 7:19 | Wisp |
| 7:57 | Force of Nature |
| 8:20 | Hippogryph |
| 8:20 | Hippogryph |
| 8:20 | Hippogryph |
| 8:23 | Searing Arrows |
| 8:30 | Ancient of Wind |
| 8:34 | Moon Well |
| 8:38 | Improved Moon Armor |
| 8:39 | Strength of the Moon |
| 9:05 | Centaur Outrunner |
| 9:13 | Hippogryph |
| 9:14 | Archer |
| 9:15 | Archer |
| 9:17 | Hippogryph |
| 9:25 | Moon Well |
| 9:48 | Hippogryph |
| 9:48 | Hippogryph |
| 9:51 | Archer |
| 10:43 | Wisp |
| 10:43 | Wisp |
| 10:43 | Wisp |
| 10:49 | Ancient Protector |
| 10:50 | Ancient Protector |
| 10:50 | Ancient Protector |
| 11:08 | Thorns Aura |
| 11:56 | Hippogryph |
| 11:56 | Hippogryph |
| 11:58 | Archer |
| 11:58 | Archer |
| 11:58 | Archer |
| 11:58 | Archer |
| 12:03 | Moon Well |
| 13:38 | Hippogryph |
| 13:39 | Hippogryph |
| 13:40 | Archer |
| 13:40 | Archer |
| 13:41 | Archer |
| 13:48 | Ancient Protector |
| 13:51 | Ancient Protector |
| 13:54 | Ancient Protector |
| 13:55 | Wisp |
| 13:55 | Wisp |
| 13:55 | Wisp |
| 14:01 | Improved Strength of the Moon |
| 14:03 | Archer |
| 14:03 | Archer |
| 14:08 | Ancient of Wind |
| 15:12 | Archer |
| 15:39 | Force of Nature |
| 16:12 | Trueshot Aura |
| 16:32 | Ancient Protector |
| 16:34 | Ancient Protector |
| 16:37 | Ancient Protector |
| 16:42 | Archer |
| 16:43 | Archer |
| 16:43 | Archer |
| 16:43 | Archer |
| 16:45 | Wisp |
| 16:45 | Wisp |
| 17:33 | Ancient of Wind |
| 18:01 | Dryad |
| 18:01 | Abolish Magic |
| 18:02 | Dryad |
| 18:16 | Moon Well |
| 18:22 | Wisp |
| 18:22 | Wisp |
| 18:22 | Wisp |
| 18:28 | Tree of Life |
| 18:47 | Tree of Life |
| 19:07 | Strength of the Wild |
| 20:32 | Wisp |
| 20:32 | Wisp |
| 20:33 | Wisp |
| 20:37 | Altar of Elders |
| 20:41 | Moon Well |
| 20:44 | Hunter's Hall |
| 20:46 | Wisp |
| Right click | 635 |
| Select | 383 |
| Build/train/purchase | 122 |
| Select group | 116 |
| Use ability | 80 |
| Chat | 54 |
| Assign group | 52 |
| Resource trade | 45 |
| Remove unit | 8 |
| Minimap ping | 6 |
140 units @ 18.5k
/ 2.2k
69 buildings @ 10.8k
/ 3.6k

| Sacrificial Skull | 1 | 50 |
| Scroll of Town Portal | 6 | 2100 |
| Scroll of Healing | 2 | 500 |
| Scroll of Speed | 8 | 400 |
| Healing Salve | 3 | 300 |
| Orb of Lightning | 1 | 375 |
| Tiny Great Hall | 1 | 600 |
| total: | 22 | 4325g |
| Acolyte | 7 | 525 | / | 0 |
| Ghoul | 38 | 4560 | / | 0 |
| Gargoyle | 1 | 175 | / | 30 |
| total: | 46 | 5260g | / | 30w |
| Nerubian Tower | 4 | 400 | / | 80 |
| Spirit Tower | 5 | 725 | / | 200 |
| Crypt | 3 | 600 | / | 150 |
| Ziggurat | 14 | 2100 | / | 700 |
| Altar of Darkness | 1 | 180 | / | 50 |
| Graveyard | 3 | 645 | / | 0 |
| Tomb of Relics | 1 | 130 | / | 30 |
| Necropolis | 3 | 675 | / | 0 |
| Sacrificial Pit | 1 | 75 | / | 150 |
| Halls of the Dead | 1 | 320 | / | 210 |
| Black Citadel | 1 | 325 | / | 230 |
| total: | 26 | 4405g | / | 1080w |
| 0:59 | Acolyte |
| 0:59 | Acolyte |
| 1:03 | Crypt |
| 1:19 | Crypt |
| 1:34 | Ziggurat |
| 2:11 | Ghoul |
| 2:16 | Altar of Darkness |
| 2:26 | Ghoul |
| 2:32 | Ziggurat |
| 2:44 | Ghoul |
| 2:56 | Ghoul |
| 3:09 | Ghoul |
| 3:20 | Ghoul |
| 3:39 | Ziggurat |
| 3:51 | Ghoul |
| 4:02 | Ghoul |
| 4:14 | Ghoul |
| 4:32 | Unholy Aura |
| 4:37 | Ghoul |
| 4:39 | Ghoul |
| 4:45 | Scroll of Speed |
| 4:46 | Healing Salve |
| 5:17 | Halls of the Dead |
| 6:21 | Ghoul |
| 6:30 | Graveyard |
| 6:34 | Graveyard |
| 6:36 | Nerubian Tower |
| 6:46 | Ziggurat |
| 7:12 | Ghoul |
| 7:28 | Scroll of Speed |
| 7:29 | Healing Salve |
| 7:47 | Cannibalize |
| 7:48 | Ghoul |
| 7:55 | Spirit Tower |
| 8:14 | Ghoul |
| 8:29 | Ghoul |
| 8:47 | Unholy Strength |
| 8:51 | Black Citadel |
| 9:07 | Ziggurat |
| 10:19 | Ghoul |
| 10:44 | Ghoul |
| 10:46 | Spirit Tower |
| 11:08 | Ghoul |
| 11:12 | Ghoul Frenzy |
| 11:15 | Scroll of Speed |
| 11:15 | Healing Salve |
| 11:39 | Scroll of Town Portal |
| 11:54 | Ghoul |
| 12:10 | Ghoul |
| 12:21 | Unholy Armor |
| 13:01 | Ghoul |
| 13:43 | Gargoyle |
| 13:49 | Ghoul |
| 13:50 | Ghoul |
| 14:06 | Scroll of Speed |
| 14:27 | Improved Unholy Strength |
| 14:29 | Ghoul |
| 14:34 | Ziggurat |
| 14:51 | Scroll of Town Portal |
| 15:08 | Ghoul |
| 15:54 | Improved Unholy Armor |
| 16:05 | Tomb of Relics |
| 16:08 | Ghoul |
| 16:27 | Scroll of Speed |
| 16:36 | Scroll of Town Portal |
| 17:07 | Ghoul |
| 18:01 | Advanced Unholy Strength |
| 18:11 | Death Coil |
| 18:19 | Graveyard |
| 18:51 | Scroll of Town Portal |
| 18:51 | Scroll of Speed |
| 19:04 | Ghoul |
| 19:28 | Scroll of Healing |
| 19:37 | Ghoul |
| 20:23 | Ghoul |
| 20:35 | Ghoul |
| 21:04 | Scroll of Town Portal |
| 21:05 | Scroll of Speed |
| 21:12 | Ghoul |
| 21:35 | Scroll of Healing |
| 21:48 | Ghoul |
| 23:06 | Unholy Aura |
| 24:13 | Sacrificial Skull |
| 24:21 | Acolyte |
| 24:29 | Ziggurat |
| 24:30 | Ziggurat |
| 24:31 | Ziggurat |
| 24:32 | Ziggurat |
| 24:33 | Ziggurat |
| 24:38 | Acolyte |
| 24:38 | Acolyte |
| 24:38 | Acolyte |
| 24:39 | Acolyte |
| 24:50 | Ghoul |
| 25:08 | Nerubian Tower |
| 25:22 | Crypt |
| 25:48 | Nerubian Tower |
| 25:49 | Spirit Tower |
| 25:50 | Spirit Tower |
| 26:05 | Ziggurat |
| 26:13 | Nerubian Tower |
| 26:14 | Spirit Tower |
| 27:00 | Advanced Unholy Armor |
| 27:19 | Ziggurat |
| 27:22 | Ziggurat |
| 27:40 | Ghoul |
| 27:40 | Ghoul |
| 27:49 | Sacrificial Pit |
| 28:10 | Necropolis |
| 28:29 | Ghoul |
| 30:04 | Stone Form |
| 30:40 | Scroll of Speed |
| 30:41 | Orb of Lightning |
| 30:42 | Tiny Great Hall |
| 30:52 | Scroll of Town Portal |
| 31:27 | Necropolis |
| 31:34 | Necropolis |
| Right click | 936 |
| Select | 472 |
| Chat | 291 |
| Select group | 151 |
| Build/train/purchase | 121 |
| Assign group | 45 |
| Use ability | 24 |
| Misc. action | 8 |
| Minimap ping | 6 |
| Resource trade | 6 |
| Esc | 4 |
| Remove unit | 1 |
tpark022534
(2)
(21:40) : 


| Staff of Sanctuary | 2 | 500 |
| Scroll of Regeneration | 1 | 100 |
| Scroll of Town Portal | 3 | 1050 |
| Potion of Lesser Invulnerability | 1 | 150 |
| Boots of Speed | 1 | 250 |
| total: | 8 | 2050g |
| Peasant | 12 | 900 | / | 0 |
| Footman | 7 | 945 | / | 0 |
| Rifleman | 10 | 2050 | / | 300 |
| Flying Machine | 19 | 1900 | / | 570 |
| Mortar Team | 5 | 900 | / | 350 |
| Goblin Shredder | 1 | 375 | / | 100 |
| total: | 54 | 7070g | / | 1320w |
| Scout Tower | 2 | 60 | / | 40 |
| Arcane Tower | 2 | 140 | / | 100 |
| Altar of Kings | 1 | 180 | / | 50 |
| Barracks | 1 | 160 | / | 60 |
| Farm | 13 | 1040 | / | 260 |
| Blacksmith | 2 | 280 | / | 120 |
| Lumber Mill | 1 | 120 | / | 0 |
| Town Hall | 3 | 1155 | / | 615 |
| Arcane Vault | 1 | 130 | / | 30 |
| Workshop | 2 | 280 | / | 280 |
| Keep | 1 | 320 | / | 210 |
| Castle | 1 | 360 | / | 210 |
| total: | 26 | 3405g | / | 1455w |
| 0:05 | Peasant |
| 0:06 | Peasant |
| 0:18 | Altar of Kings |
| 0:21 | Barracks |
| 0:22 | Farm |
| 0:24 | Peasant |
| 1:01 | Peasant |
| 1:13 | Peasant |
| 1:17 | Farm |
| 1:33 | Peasant |
| 1:39 | Footman |
| 1:42 | Peasant |
| 1:53 | Footman |
| 1:57 | Farm |
| 1:58 | Footman |
| 1:58 | Footman |
| 2:10 | Peasant |
| 2:19 | Blacksmith |
| 2:25 | Lumber Mill |
| 2:32 | Summon Water Elemental |
| 2:35 | Footman |
| 2:41 | Peasant |
| 2:50 | Peasant |
| 3:06 | Footman |
| 3:08 | Peasant |
| 3:27 | Brilliance Aura |
| 3:42 | Town Hall |
| 3:53 | Improved Lumber Harvesting |
| 4:11 | Peasant |
| 4:20 | Scout Tower |
| 4:34 | Blacksmith |
| 4:52 | Keep |
| 5:05 | Arcane Tower |
| 5:17 | Farm |
| 5:30 | Footman |
| 5:52 | Goblin Shredder |
| 5:56 | Farm |
| 5:57 | Farm |
| 5:58 | Rifleman |
| 6:18 | Summon Water Elemental |
| 6:22 | Rifleman |
| 6:23 | Black Gunpowder |
| 6:26 | Farm |
| 6:29 | Arcane Vault |
| 6:42 | Rifleman |
| 6:44 | Improved Masonry |
| 6:45 | Farm |
| 6:48 | Farm |
| 7:23 | Rifleman |
| 7:29 | Farm |
| 7:43 | Rifleman |
| 7:44 | Long Rifles |
| 7:47 | Workshop |
| 8:20 | Castle |
| 8:24 | Workshop |
| 8:36 | Advanced Masonry |
| 8:42 | Potion of Lesser Invulnerability |
| 8:43 | Boots of Speed |
| 8:46 | Storm Bolt |
| 9:02 | Scout Tower |
| 9:12 | Flak Cannons |
| 9:12 | Flying Machine |
| 9:12 | Flying Machine |
| 9:22 | Rifleman |
| 9:24 | Farm |
| 9:27 | Flying Machine |
| 9:47 | Mortar Team |
| 9:50 | Refined Gunpowder |
| 10:20 | Mortar Team |
| 10:47 | Flying Machine |
| 10:48 | Mortar Team |
| 10:59 | Flying Machine |
| 11:01 | Scroll of Town Portal |
| 11:05 | Staff of Sanctuary |
| 11:10 | Brilliance Aura |
| 11:44 | Flying Machine |
| 11:53 | Thunder Clap |
| 12:05 | Flying Machine |
| 12:34 | Flying Machine |
| 12:43 | Flying Machine |
| 12:45 | Imbued Gunpowder |
| 12:50 | Advanced Lumber Harvesting |
| 13:41 | Flying Machine |
| 13:46 | Scroll of Town Portal |
| 13:52 | Flying Machine |
| 13:52 | Flying Machine |
| 13:53 | Flying Machine |
| 13:56 | Holy Light |
| 14:16 | Flying Machine |
| 14:17 | Flying Machine |
| 15:25 | Divine Shield |
| 15:27 | Thunder Clap |
| 15:31 | Rifleman |
| 15:54 | Mortar Team |
| 15:54 | Rifleman |
| 16:08 | Mortar Team |
| 16:09 | Flying Machine |
| 16:35 | Holy Light |
| 17:04 | Summon Water Elemental |
| 17:15 | Farm |
| 17:17 | Farm |
| 17:19 | Studded Leather Armor |
| 17:19 | Reinforced Leather Armor |
| 18:05 | Rifleman |
| 18:07 | Imbued Masonry |
| 18:33 | Storm Bolt |
| 18:55 | Town Hall |
| 19:13 | Fragmentation Shards |
| 19:15 | Rifleman |
| 19:41 | Town Hall |
| 20:15 | Flying Machine |
| 20:17 | Flying Machine |
| 20:42 | Flying Machine |
| 21:10 | Divine Shield |
| 21:22 | Mass Teleport |
| 21:39 | Scroll of Town Portal |
| 21:40 | Staff of Sanctuary |
| 21:40 | Scroll of Regeneration |
| Select group | 981 |
| Right click | 968 |
| Select | 398 |
| Misc. action | 293 |
| Build/train/purchase | 183 |
| Chat | 119 |
| Assign group | 54 |
| Use ability | 27 |
| Resource trade | 23 |
| Minimap ping | 12 |
| Item give/drop | 6 |
| Esc | 5 |
| Remove unit | 2 |


| Healing Salve | 1 | 100 |
| Lesser Clarity Potion | 1 | 70 |
| Orb of Lightning | 1 | 375 |
| Scroll of Town Portal | 1 | 350 |
| Boots of Speed | 1 | 250 |
| total: | 5 | 1145g |
| Peon | 14 | 1050 | / | 0 |
| Grunt | 8 | 1600 | / | 0 |
| Shaman | 10 | 1300 | / | 200 |
| Tauren | 8 | 2240 | / | 640 |
| total: | 40 | 6190g | / | 840w |
| Altar of Storms | 1 | 180 | / | 50 |
| Orc Burrow | 10 | 1600 | / | 400 |
| Barracks | 1 | 180 | / | 50 |
| Voodoo Lounge | 1 | 130 | / | 30 |
| War Mill | 1 | 205 | / | 0 |
| Great Hall | 1 | 385 | / | 185 |
| Spirit Lodge | 1 | 150 | / | 150 |
| Tauren Totem | 1 | 135 | / | 155 |
| Stronghold | 1 | 315 | / | 190 |
| Fortress | 1 | 325 | / | 190 |
| total: | 17 | 2965g | / | 1020w |
| 0:02 | Peon |
| 0:02 | Peon |
| 0:09 | Altar of Storms |
| 0:19 | Orc Burrow |
| 0:36 | Barracks |
| 0:37 | Peon |
| 1:04 | Peon |
| 1:10 | Peon |
| 1:36 | Orc Burrow |
| 1:37 | Peon |
| 1:53 | Grunt |
| 1:53 | Grunt |
| 2:08 | Voodoo Lounge |
| 2:28 | Endurance Aura |
| 2:33 | Grunt |
| 2:34 | Grunt |
| 3:09 | Stronghold |
| 3:45 | Grunt |
| 3:51 | Orc Burrow |
| 4:12 | War Mill |
| 4:30 | Grunt |
| 4:45 | War Stomp |
| 5:15 | Healing Salve |
| 5:23 | Lesser Clarity Potion |
| 5:36 | Spirit Lodge |
| 5:38 | Fortress |
| 6:33 | Tauren Totem |
| 6:54 | Shaman Adept Training |
| 7:03 | Orc Burrow |
| 7:14 | Healing Wave |
| 7:49 | War Stomp |
| 7:58 | Shaman |
| 7:58 | Shaman |
| 8:06 | Steel Armor |
| 9:03 | Shaman Master Training |
| 9:03 | Tauren |
| 9:05 | Shaman |
| 9:34 | Shaman |
| 9:35 | Tauren |
| 10:10 | Hex |
| 10:17 | Shaman |
| 10:19 | Tauren |
| 10:22 | Steel Melee Weapons |
| 11:17 | Orc Burrow |
| 11:30 | Scroll of Town Portal |
| 11:31 | Orb of Lightning |
| 12:03 | Pulverize |
| 12:59 | Endurance Aura |
| 13:12 | Healing Wave |
| 13:40 | Orc Burrow |
| 13:43 | Orc Burrow |
| 14:12 | Orc Burrow |
| 14:31 | Peon |
| 15:23 | War Stomp |
| 15:27 | Hex |
| 15:47 | Grunt |
| 15:48 | Berserker Strength |
| 15:48 | Grunt |
| 15:50 | Shaman |
| 15:50 | Shaman |
| 15:50 | Shaman |
| 15:51 | Tauren |
| 15:51 | Tauren |
| 15:55 | Peon |
| 15:56 | Peon |
| 15:56 | Peon |
| 17:00 | Reincarnation |
| 17:10 | Great Hall |
| 17:37 | Tauren |
| 18:14 | Shaman |
| 18:18 | Orc Burrow |
| 18:43 | Steel Ranged Weapons |
| 18:45 | Spiked Barricades |
| 18:47 | Thorium Armor |
| 18:50 | Orc Burrow |
| 18:51 | Pillage |
| 19:16 | Tauren |
| 19:18 | Shaman |
| 20:04 | Tauren |
| 20:12 | Peon |
| 20:14 | Peon |
| 20:45 | Boots of Speed |
| 20:51 | Peon |
| 20:54 | Peon |
| Right click | 1454 |
| Select group | 412 |
| Select | 336 |
| Chat | 168 |
| Build/train/purchase | 104 |
| Assign group | 78 |
| Use ability | 26 |
| Misc. action | 7 |
| Item give/drop | 3 |
| Remove unit | 3 |
| Minimap ping | 3 |
⇛